 Dungeon Crawl Stone Soup version 0.29-a0-551-gffc1d7fb78 (webtiles) character file.

Game seed: 3075084505017003974

262308 NateTC the Slayer (level 19, -2/207 HPs)
             Began as a Hill Orc Fighter on June 5, 2022.
             Was a High Priest of Ashenzari.
             Slain by an ironbound convoker
             ... wielding a +0 great mace of holy wrath
              (34 damage)
             ... while paralysed by a sphinx
             ... on level 2 of the Vaults.
             The game lasted 02:53:41 (34569 turns).

NateTC the Slayer (Hill Orc Fighter)               Turns: 34569, Time: 02:53:42

Health: -2/207     AC: 47    Str: 27    XL:     19   Next: 99%
Magic:  19/19      EV:  2    Int:  8    God:    Ashenzari [*****.]
Gold:   538        SH:  0    Dex: 10    Spells: 18/18 levels left

rFire   + . .      SeeInvis +   a - +5 broad axe
rCold   . . .      Faith    .   O - +0 kite shield of the Cursed Gnosis {reflect, Self, Fort} (curse)
rNeg    + + .      Spirit   .   L - +8 plate armour "Revealing Omission" {rPois, Evo, Bglg} (curse)
rPois   +          Reflect  +   M - +2 helmet "Suspicion of Ashenzari" {Cun, Fort} (curse)
rElec   +          Harm     .   w - +2 cloak of the Eternal Moon {Range, Melee} (curse)
rCorr   .          Rampage  .   H - +2 pair of gloves of Ashenzari's Dismay {Evo, Melee} (curse)
Will    ++...      Clarity  +   f - +2 pair of boots of the Restrained Augur {Evo, Melee} (curse)
Stlth   ..........              i - amulet of Star-Bound Wisdom {rElec rF+ rN+ Regen+ Stlth-, Self, Cun} (curse)
HPRegen 1.24/turn               p - ring "Bound Elitism" {Fly, Melee, Bglg} (curse)
MPRegen 0.16/turn               K - ring of the Wild Blue Yonder {*Slow rN+ Will+ AC+4, Evo, Range} (curse)

@: paralysed, flying
A: no striking features
}: 2/15 runes: serpentine, barnacled
a: Renounce Religion, Curse Item, Shatter the Chains


You were on level 2 of the Vaults.
You worshipped Ashenzari.
Ashenzari was extremely pleased with you.
You visited 7 branches of the dungeon, and saw 34 of its levels.
You also visited: Bailey and Gauntlet.

You collected 2713 gold pieces.
You spent 2175 gold pieces at shops.

Inventory:

Hand Weapons
 a - a +5 broad axe (weapon)
 b - a +0 flail
Armour
 f - the cursed +2 pair of boots of the Restrained Augur (worn) {Evo, Melee}
   (You found it on level 1 of the Dungeon)

   It has a curse which improves the following skills: Evocations: Evocations.
   Melee Combat: Short Blades, Long Blades, Axes, Maces & Flails, Polearms,
   Staves and Unarmed Combat.
 w - the cursed +2 cloak of the Eternal Moon (worn) {Range, Melee}
   (You found it on level 6 of the Dungeon)

   It has a curse which improves the following skills: Ranged Combat: Slings,
   Bows, Crossbows and Throwing.
   Melee Combat: Short Blades, Long Blades, Axes, Maces & Flails, Polearms,
   Staves and Unarmed Combat.
 H - the cursed +2 pair of gloves of Ashenzari's Dismay (worn) {Evo, Melee}
   (You found it on level 1 of the Lair of Beasts)

   It has a curse which improves the following skills: Evocations: Evocations.
   Melee Combat: Short Blades, Long Blades, Axes, Maces & Flails, Polearms,
   Staves and Unarmed Combat.
 L - the cursed +8 plate armour "Revealing Omission" (worn) {rPois, Evo, Bglg}
   (You took it off an orc warrior on level 1 of the Orcish Mines)

   It has a curse which improves the following skills: Evocations: Evocations.
   Beguiling: Conjurations, Hexes and Translocations.
 M - the cursed +2 helmet "Suspicion of Ashenzari" (worn) {Cun, Fort}
   (You found it on level 4 of the Lair of Beasts)

   It has a curse which improves the following skills: Cunning: Dodging and
   Stealth.
   Fortitude: Armour and Shields.
 O - the cursed +0 kite shield of the Cursed Gnosis (worn) {reflect, Self, Fort}
   (You took it off Donald on level 1 of the Snake Pit)

   It has a curse which improves the following skills: Introspection: Fighting
   and Spellcasting.
   Fortitude: Armour and Shields.
 R - a +4 tower shield of protection
 T - a +2 plate armour of fire resistance
Jewellery
 g - a ring of poison resistance
 i - the cursed amulet of Star-Bound Wisdom (around neck) {rElec rF+ rN+ Regen+ Stlth-, Self, Cun}
   (You found it on level 2 of the Dungeon)

   [amulet of regeneration]

   rF:        It protects you from fire.
   rElec:     It insulates you from electricity.
   rN:        It protects you from negative energy.
   Regen:     It increases your rate of health regeneration.
   Stlth:     It makes you less stealthy.
   It has a curse which improves the following skills: Introspection: Fighting
   and Spellcasting.
   Cunning:   Dodging and Stealth.
 k - an amulet of magic regeneration
 p - the cursed ring "Bound Elitism" (left hand) {Fly, Melee, Bglg}
   (You found it on level 3 of the Snake Pit)

   [ring of flight]

   Fly:       It grants you flight.
   It has a curse which improves the following skills: Melee Combat: Short
   Blades, Long Blades, Axes, Maces & Flails, Polearms, Staves and Unarmed
   Combat.
   Beguiling: Conjurations, Hexes and Translocations.
 K - the cursed ring of the Wild Blue Yonder (right hand) {*Slow rN+ Will+ AC+4, Evo, Range}
   (You bought it in a shop on level 9 of the Dungeon)

   [ring of protection]

   AC:        It affects your AC (+4).
   rN:        It protects you from negative energy.
   *Slow:     It may slow you when you take damage.
   Will:      It increases your willpower.
   It has a curse which improves the following skills: Evocations: Evocations.
   Ranged Combat: Slings, Bows, Crossbows and Throwing.
 U - a +4 ring of evasion
 Y - the ring of the Pure Stories {Wiz rPois rN+ Str+2}
   (You found it on level 1 of the Shoals)

   [ring of wizardry]

   It improves your spell success rate.
   Str:       It affects your strength (+2).
   rPois:     It protects you from poison.
   rN:        It protects you from negative energy.
Wands
 m - a wand of charming (12)
 n - a wand of paralysis (29)
 q - a wand of iceblast (16)
 v - a wand of flame (41)
 z - a wand of digging (14)
 B - a wand of polymorph (2)
 E - a wand of mindburst (27)
Scrolls
 c - 8 scrolls of fear
 t - a scroll of blinking
 x - 3 scrolls of magic mapping
 y - 7 scrolls of teleportation
 F - 6 scrolls of fog
 G - 4 scrolls of amnesia
 P - a scroll of summoning
 S - 3 scrolls of poison
 X - a scroll of silence
Potions
 d - 3 potions of curing
 e - 2 potions of heal wounds
 h - a potion of attraction
 j - 2 potions of brilliance
 l - 10 potions of mutation
 r - 4 potions of magic
 s - 4 potions of invisibility
 u - 5 potions of haste
 C - 5 potions of flight
 D - a potion of cancellation
 J - 2 potions of ambrosia
 V - 4 potions of resistance
 W - 2 potions of might
Miscellaneous
 o - a box of beasts (inert)
 A - a tin of tremorstones (2/2)
 I - a condenser vane
 N - a phantom mirror
 Q - a lightning rod (4/4)


   Skills:
 - Level 24.5(27) Fighting
 - Level 14.7(20.9) Axes
 - Level 8.7(16.0) Maces & Flails
 + Level 17.3(20.6) Armour
 - Level 10.1(13.6) Dodging
 - Level 7.4(10.9) Stealth
 * Level 13.5(16.9) Shields
 + Level 14.0(19.4) Evocations


You had 18 spell levels left.
You didn't know any spells.
Your spell library contained the following spells:

 Spells                   Type           Power      Damage    Failure   Level
 Apportation              Tloc           0%         N/A       94%         1
 Summon Small Mammal      Summ           0%         N/A       97%         1
 Ensorcelled Hibernation  Hex/Ice        0%         N/A       99%         2
 Sublimation of Blood     Necr           0%         N/A       99%         2
 Wereblood                Tmut           0%         N/A       99%         2
 Call Canine Familiar     Summ           0%         N/A       100%        3
 Confusing Touch          Hex            0%         N/A       100%        3
 Gell's Gravitas          Tloc           0%         N/A       100%        3
 Lesser Beckoning         Tloc           0%         N/A       100%        3
 Ozocubu's Armour         Ice            0%         N/A       100%        3
 Spider Form              Tmut/Pois      0%         N/A       100%        3
 Stone Arrow              Conj/Erth      0%         3d7       100%        3
 Summon Guardian Golem    Hex/Summ       0%         N/A       100%        3
 Teleport Other           Tloc           0%         N/A       100%        3
 Anguish                  Hex/Necr       0%         N/A       100%        4
 Animate Armour           Summ/Erth      0%         N/A       100%        4
 Cause Fear               Hex            0%         N/A       100%        4
 Hailstorm                Conj/Ice       0%         3d3       100%        4
 Ice Form                 Ice/Tmut       0%         N/A       100%        4
 Leda's Liquefaction      Hex/Erth       0%         N/A       100%        4
 Petrify                  Tmut/Erth      0%         N/A       100%        4
 Summon Ice Beast         Ice/Summ       0%         N/A       100%        4
 Alistair's Intoxication  Tmut/Pois      0%         N/A       100%        5
 Irradiate                Conj/Tmut      0%         3d13      100%        5
 Iskenderun's Battlesphe  Conj           0%         2d6       100%        5
 Lee's Rapid Deconstruct  Erth           0%         3d5*      100%        5
 Metabolic Englaciation   Hex/Ice        0%         N/A       100%        5
 Summon Forest            Summ/Tloc      0%         N/A       100%        5
 Summon Mana Viper        Hex/Summ       0%         N/A       100%        5
 Yara's Violent Unravell  Hex/Tmut       0%         3d3       100%        5
 Iron Shot                Conj/Erth      0%         9d1       100%        6
 Simulacrum               Ice/Necr       0%         N/A       100%        6
 Statue Form              Tmut/Erth      0%         N/A       100%        6
 Summon Cactus Giant      Summ           0%         N/A       100%        6
 Dragon Form              Tmut           0%         N/A       100%        7
 Enfeeble                 Hex            0%         N/A       100%        7
 Monstrous Menagerie      Summ           0%         N/A       100%        7
 Spellforged Servitor     Conj/Summ      0%         N/A       100%        7
 Summon Hydra             Summ           0%         N/A       100%        7
 Lehudib's Crystal Spear  Conj/Erth      0%         10d2      100%        8
 Dragon's Call            Summ           0%         N/A       100%        9


Dungeon Overview and Level Annotations

Branches:
Dungeon (15/15)            Temple (1/1) D:6            Lair (6/6) D:11
 Shoals (4/4) Lair:2        Snake (4/4) Lair:3        Slime (0/5) Lair:5
    Orc (2/2) D:11            Elf (0/3) Orc:2        Vaults (2/5) D:13
 Depths (0/4) D:15         Bailey (visited)         Gauntlet (visited)
  Crypt: Vaults:2-3

Altars:
Ashenzari
Cheibriados
Dithmenos
Elyvilon
Fedhas
Gozag
Hepliaklqana
Kikubaaqudgha
Makhleb
Nemelex Xobeh
Okawaru
Qazlal
Ru
Sif Muna
Trog
Uskayaw
Vehumet
Wu Jian
Xom
Yredelemnul
Zin
The Shining One
Jiyva

Shops:
D:9 *=   D:12 *:*[(   Orc:2 *:[(   Shoals:2 =   Shoals:3 [   Shoals:4 :*
Snake:1 *![!   Snake:3 [((*   Vaults:1 (   Vaults:2 *?

Annotations:
D:10 1 runed translucent door
Lair:2 2 runed translucent doors, Gyitair's ghost, journeyman DDFi
Vaults:2 2 transporters


Message History

The deep troll bites you but does no damage.
The deep troll barely misses you.
The deep troll claws you but does no damage.
Your base Evocations skill increases to level 14!
The sphinx hits you but does no damage. x3
The deep troll bites you but does no damage.
The deep troll claws you but does no damage.
The deep troll barely misses you.
The sphinx hits you but does no damage. x3
The deep troll bites you but does no damage.
The deep troll claws you but does no damage. x2
The ironbound convoker casts a spell at the sphinx.
The sphinx seems to grow stronger.
The sphinx hits you!
The sphinx hits you but does no damage. x2
The deep troll bites you.
The deep troll claws you but does no damage. x2
The sphinx hits you but does no damage. x6
The deep troll bites you but does no damage.
The deep troll claws you but does no damage. x2
The ironbound convoker hits you but does no damage.
The sphinx hits you but does no damage. x3; The deep troll bites you!
The deep troll claws you but does no damage.
The deep troll claws you!
The sphinx casts a spell.
Something smites you! The deep troll barely misses you.
The deep troll claws you but does no damage. x2
The ironbound convoker hits you but does no damage.
The ironbound convoker hits you with a +0 great mace of holy wrath!!
* * * LOW HITPOINT WARNING * * *
The deep troll changes into a sea snake!
The sphinx hits you!
* * * LOW HITPOINT WARNING * * *
The sphinx hits you but does no damage. The sphinx completely misses you.
The sphinx mumbles some strange words.
You resist with almost no effort.
The ironbound convoker hits you with a +0 mace!
* * * LOW HITPOINT WARNING * * *
The deep troll bites you but does no damage.
The deep troll claws you but does no damage. x2
The ironbound convoker hits you with a +0 great mace of holy wrath!!
You die...

8.#####.8.#........'..........
..#...#...'........##########
###...###.######'####### #....
..#.####......### #._.
._.#.####......#
#.......#.####......#
###...###.####...(..#
..#...#...####...T..# ***
8.##+##.8.####.p@S..# *, , **
..........####.pHH(.# ,
##############......#* , , *
##############......+ ,,,> ,
#######..... #......#* ,, ,, #
, +.∩....#* ,,,,,,,**, ## ,
######## **,,,,,** , ### , ,,
* ** *+ ** ### * ,, * ,, ,, ,
,,


You could see 2 sphinxes, a sea snake shaped shifter, a deep troll and 2
ironbound convokers.

Vanquished Creatures
  Mara (Shoals:4)
  Vashnia (Snake:2)
  A quicksilver dragon (Snake:4)
  Polyphemus (Shoals:2)
  A kraken (Shoals:3)
  A tengu reaver (Vaults:2)
  Gastronok (Lair:2)
  Donald (Snake:1)
  4 nagarajas (Snake:4)
  A fire giant (Vaults:2)
  A frost giant (Shoals:4)
  Ilsuiw (Shoals:2)
  An orc warlord (Orc:1)
  Aizul (Snake:1)
  4 vault wardens (Vaults:1)
  A very ugly thing (Vaults:1)
  5 ironbound preservers
  A war gargoyle (Vaults:1)
  A stone giant (Vaults:1)
  2 ironbound thunderhulks
  Snorg (D:14)
  A crystal guardian (Vaults:1)
  6 merfolk impalers
  5 merfolk javelineers
  An ettin (Orc:2)
  2 yaktaur captains (Vaults:1)
  2 vault guards (Vaults:1)
  4 boulder beetles
  9 hydras
  14 anacondas
  A catoblepas (Shoals:2)
  4 merfolk avatars
  2 ogre magi
  A peacekeeper (Vaults:1)
  2 alligator snapping turtles
  2 salamander tyrants (Snake:4)
  3 centaur warriors
  4 merfolk aquamancers
  9 two-headed ogres
  4 alligators (Shoals:3)
  5 death yaks
  2 tengu warriors (D:15)
  8 naga warriors
  2 satyrs (Shoals:4)
  An orc high priest (Orc:1)
  8 shock serpents
  16 naga sharpshooters
  A salamander mystic (Snake:3)
  3 goliath frogs
  12 deep trolls (Vaults:1)
  8 naga ritualists
  11 sea snakes
  2 deep elf zephyrmancers (D:15)
  3 wizards
  3 ironbound convokers (Vaults:1)
  A deep elf pyromancer (D:14)
  A lindwurm (Lair:6)
  Pikel (D:4)
  18 mana vipers
  A necromancer (D:15)
  25 harpies
  7 orc knights
  5 orc sorcerers (Orc:2)
  17 ugly things
  6 cyclopes
  10 salamanders
  16 manticores
  6 merfolk sirens
  5 elephants
  4 guardian serpents
  A molten gargoyle (Lair:3)
  8 water nymphs
  5 vault sentinels (Vaults:1)
  51 black mambas
  2 centaur skeletons (D:15)
  A centaur zombie (D:15)
  19 naga magi
  5 rime drakes
  24 cane toads
  An unseen horror (D:12)
  A yaktaur (shapeshifter) (D:15)
  3 kobold demonologists
  A komodo dragon (D:13)
  5 yaktaurs (Vaults:1)
  8 trolls
  2 queen bees
  3 tyrant leeches (Lair:6)
  40 merfolk
  A harpy zombie (D:15)
  4 wind drakes
  42 blink frogs
  Prince Ribbit (D:5)
  11 slime creatures
  3 polar bears
  8 dream sheep
  12 snapping turtles
  A centaur simulacrum (D:15)
  A shadow (D:11)
  5 wyverns
  2 vampires
  3 water elementals
  3 wraiths
  30 yaks
  3 steam dragons
  7 basilisks
  17 vampire mosquitoes
  2 wargs (Orc:1)
  3 acid dragons
  50 nagas
  An acid dragon (shapeshifter) (D:14)
  16 water moccasins
  4 ice beasts
  A sky beast (D:8)
  45 orc warriors
  20 wolves
  13 ogres
  20 centaurs
  7 kobold brigands
  21 bullfrogs
  A gnoll sergeant (D:11)
  A necrophage (D:6)
  5 wights (D:10)
  40 killer bees
  3 howler monkeys
  6 electric eels
  5 crimson imps (D:12)
  A lava snake (Lair:3)
  3 hounds
  5 jellies
  8 orc priests
  A gnoll shaman (D:9)
  Ijyb (D:5)
  Natasha (thrice) (D:3)
  5 iguanas
  17 orc wizards
  11 gnolls
  10 adders
  A shadow imp (D:6)
  7 white imps
  An ufetubus (D:6)
  3 worms
  3 dart slugs
  68 orcs
  6 bats
  5 endoplasms
  2 giant cockroaches
  4 goblins
  5 hobgoblins
  5 jackals
  3 quokkas
  5 ball pythons
  4 frilled lizards
  22 kobolds
  8 rats
  4 tentacles (Shoals:3)
1135 creatures vanquished.

Vanquished Creatures (collateral kills)
  Asterion (Vaults:2)
  A quicksilver dragon (Snake:4)
  An orc warlord (Vaults:2)
  Josephine (Orc:1)
  A boulder beetle (D:13)
  A hydra (Lair:1)
  A catoblepas (D:13)
  A salamander tyrant (Snake:4)
  3 naga sharpshooters
  A shock serpent (Snake:4)
  A mana viper (Snake:1)
  A black mamba (shapeshifter) (D:13)
  A yak (D:10)
  A wraith (Orc:1)
  A human (Lair:1)
  A naga (Snake:1)
  An orc wizard (D:10)
  2 orcs (D:10)
21 creatures vanquished.

Vanquished Creatures (others)
  A merfolk aquamancer (Shoals:4)
  A death yak (Shoals:2)
  An ironbound convoker (Vaults:2)
  A mana viper (Snake:1)
  A black mamba (Snake:2)
  A merfolk siren (Shoals:2)
  2 crimson imps (D:12)
  A gnoll (D:11)
  6 orcs
  73 fungi
  177 plants
  4 tentacles (Shoals:3)
269 creatures vanquished.

Grand Total: 1425 creatures vanquished

Notes
Turn   | Place    | Note
-------+----------+-------------------------------------------
     0 | D:1      | NateTC the Hill Orc Fighter began the quest for the Orb.
     0 | D:1      | Reached XP level 1. HP: 19/19 MP: 1/1
   121 | D:1      | Reached skill level 4 in Fighting
   291 | D:1      | Reached XP level 2. HP: 27/27 MP: 2/2
  1061 | D:2      | Reached XP level 3. HP: 35/35 MP: 3/3
  1064 | D:2      | Reached skill level 5 in Fighting
  1603 | D:2      | Identified the amulet of Xasies {rElec rF+ rN+ Regen+
                  | Stlth-}
  1753 | D:2      | Reached XP level 4. HP: 42/42 MP: 4/4
  2094 | D:3      | Reached skill level 5 in Axes
  2357 | D:3      | Noticed Natasha
  2361 | D:3      | Killed Natasha
  2362 | D:3      | Reached XP level 5. HP: 48/48 MP: 5/5
  2394 | D:3      | Noticed Natasha
  2398 | D:3      | Killed Natasha
  2567 | D:3      | Noticed Natasha
  2579 | D:3      | Killed Natasha
  2932 | D:4      | Found a glowing silver altar of Zin.
  2950 | D:4      | Noticed a lemure
  2950 | D:4      | Noticed a lemure
  2951 | D:4      | Noticed a lemure
  2952 | D:4      | Noticed Pikel
  2956 | D:4      | Noticed a lemure
  2963 | D:4      | Killed Pikel
  2964 | D:4      | Reached XP level 6. HP: 43/56 MP: 6/6
  2964 | D:4      | Reached XP level 7. HP: 47/61 MP: 7/7
  3009 | D:4      | Reached skill level 10 in Axes
  3361 | D:4      | Found an iron altar of Okawaru.
  3591 | D:5      | Entered Level 5 of the Dungeon
  3602 | D:5      | Noticed Prince Ribbit
  3612 | D:5      | Killed Prince Ribbit
  3613 | D:5      | Reached skill level 5 in Armour
  3613 | D:5      | Reached XP level 8. HP: 38/68 MP: 8/8
  3737 | D:5      | Reached skill level 5 in Shields
  3856 | D:5      | Reached skill level 6 in Fighting
  4022 | D:5      | Noticed Ijyb
  4039 | D:5      | Killed Ijyb
  4252 | D:5      | Reached skill level 7 in Fighting
  4385 | D:6      | Found a staircase to the Ecumenical Temple.
  4397 | D:6      | Identified the +5 rapier of Asierel {freeze, Int+5}
  4404 | Temple   | Entered the Ecumenical Temple
  4830 | Temple   | Became a worshipper of Ashenzari the Shackled
  4956 | D:6      | Reached skill level 8 in Fighting
  5185 | D:6      | Reached skill level 9 in Fighting
  5185 | D:6      | Reached XP level 9. HP: 83/83 MP: 9/9
  5548 | D:7      | Reached skill level 10 in Fighting
  5815 | D:7      | Noticed a cyclops
  5828 | D:7      | Killed a cyclops
  6129 | D:8      | Reached * piety under Ashenzari
  6135 | D:8      | Reached XP level 10. HP: 94/94 MP: 10/10
  6154 | D:8      | Found a flagged portal.
  6178 | Bailey   | Entered a bailey
  6632 | Bailey   | Reached skill level 11 in Fighting
  6867 | Bailey   | Reached skill level 12 in Fighting
  7555 | D:8      | Reached ** piety under Ashenzari
  7591 | D:8      | Reached skill level 1 in Evocations
  7891 | D:9      | Found Utujoz's Jewellery Shoppe.
  8043 | D:9      | Noticed a kobold demonologist
  8043 | D:9      | Noticed a kobold demonologist
  8054 | D:9      | Killed a kobold demonologist
  8055 | D:9      | Reached XP level 11. HP: 110/110 MP: 11/11
  8230 | D:9      | Found Ogeconem's Elemental Accessories.
  8237 | D:9      | Bought a wand of flame (8) for 75 gold pieces
  8680 | D:10     | Entered Level 10 of the Dungeon
  8680 | D:10     | Found a runed translucent door.
  8979 | D:10     | Reached skill level 10 in Armour
  9584 | D:11     | Noticed a two-headed ogre
  9584 | D:11     | Noticed a boulder beetle
  9592 | D:11     | Killed a two-headed ogre
  9593 | D:11     | Reached skill level 5 in Evocations
  9612 | D:11     | Killed a boulder beetle
  9622 | D:11     | Noticed a five-headed hydra
  9635 | D:11     | Reached skill level 13 in Fighting
  9635 | D:11     | Reached skill level 1 in Dodging
  9645 | D:11     | Killed a five-headed hydra
  9732 | D:11     | Noticed a two-headed ogre
  9743 | D:11     | Killed a two-headed ogre
  9860 | D:11     | Found a staircase to the Orcish Mines.
  9956 | D:11     | Reached *** piety under Ashenzari
  9994 | D:11     | Noticed a cyclops
 10013 | D:11     | a cyclops changed into a queen bee
 10111 | D:11     | Found the +9 heavy crossbow "Sniper" {vorpal, Acc+∞ SInv}
 10231 | D:11     | Found a staircase to the Lair.
 10423 | Lair:1   | Entered Level 1 of the Lair of Beasts
 10429 | Lair:1   | Found a basalt altar of Yredelemnul.
 10520 | Lair:1   | Reached XP level 12. HP: 122/122 MP: 12/12
 10546 | Lair:1   | Reached **** piety under Ashenzari
 10665 | Lair:1   | Reached skill level 14 in Fighting
 10695 | Lair:1   | Noticed an eight-headed hydra
 10713 | Lair:1   | Killed an eight-headed hydra
 11251 | Lair:2   | Found a large runed translucent door.
 11252 | Lair:2   | Found a large runed translucent door.
 11253 | Lair:2   | Noticed Gyitair's ghost (journeyman DDFi)
 11276 | Lair:2   | Reached skill level 15 in Fighting
 11349 | Lair:2   | Found a staircase to the Shoals.
 11417 | Lair:2   | Noticed a seven-headed hydra
 11434 | Lair:2   | Killed a seven-headed hydra
 11681 | Lair:2   | Reached skill level 16 in Fighting
 11783 | Lair:2   | Reached skill level 5 in Dodging
 11783 | Lair:2   | Reached XP level 13. HP: 88/136 MP: 13/13
 11928 | Lair:2   | Noticed Gastronok
 11944 | Lair:2   | Killed Gastronok
 12615 | D:9      | Bought the ring "Gipazo" {*Slow rN+ Will+ AC+4} for 660
                  | gold pieces
 12900 | Lair:3   | Reached skill level 17 in Fighting
 12934 | Lair:3   | Reached ***** piety under Ashenzari
 13055 | Lair:3   | Found a staircase to the Snake Pit.
 14030 | Lair:4   | Reached XP level 14. HP: 149/149 MP: 14/14
 14411 | Lair:5   | Reached skill level 15 in Armour
 14472 | Lair:5   | Found a staircase to the Slime Pits.
 14472 | Lair:5   | Found a viscous altar of Jiyva.
 14792 | Lair:6   | Entered Level 6 of the Lair of Beasts
 15296 | Lair:6   | Identified the +3 mace "Impbane" {vorpal, rPois Int+4
                  | Stlth+}
 15469 | Lair:6   | Reached ****** piety under Ashenzari
 15887 | D:12     | Found Ecunn's Assorted Antiques.
 15948 | D:12     | Reached skill level 1 in Maces & Flails
 16012 | D:12     | Found Ysmur's Weapon Shop.
 16026 | D:12     | Found Pixudgh's Armour Emporium.
 16136 | D:12     | Found a gate leading to a gauntlet.
 16150 | Gauntlet | Entered a Gauntlet
 16150 | Gauntlet | Found a transporter.
 16150 | Gauntlet | Found a transporter.
 16150 | Gauntlet | Found a runed translucent door.
 16150 | Gauntlet | Found a runed translucent door.
 16152 | Gauntlet | Found a transporter.
 16152 | Gauntlet | Found a transporter.
 16156 | Gauntlet | Found a transporter.
 16156 | Gauntlet | Found a transporter.
 16192 | Gauntlet | Found a transporter.
 16200 | Gauntlet | Identified the +1 helmet of a Million Defenders {Dex+3}
 16203 | Gauntlet | Found a transporter.
 16209 | Gauntlet | Found a runed translucent door.
 16216 | Gauntlet | Found a transporter.
 16218 | Gauntlet | Identified the +0 hat of Elyvilon's Wrath {Dex+5 Slay+3}
 16234 | Gauntlet | Found a transporter.
 16234 | Gauntlet | Found a transporter.
 16530 | D:12     | Found Cotwokoe's Assorted Antiques.
 16593 | D:12     | Found Seang's Book Shop.
 17358 | D:13     | Reached XP level 15. HP: 145/158 MP: 15/15
 17388 | D:13     | Reached skill level 1 in Stealth
 17417 | D:13     | Reached skill level 5 in Maces & Flails
 17551 | D:13     | Found a gate to the Vaults.
 17928 | D:14     | Noticed Snorg
 17947 | D:14     | Killed Snorg
 18462 | D:15     | Entered Level 15 of the Dungeon
 18758 | D:15     | Reached skill level 10 in Shields
 18916 | D:15     | Found an ancient bone altar of Kikubaaqudgha.
 19220 | D:15     | Found a staircase to the Depths.
 19466 | Snake:1  | Entered Level 1 of the Snake Pit
 19874 | Snake:1  | Found Baosm's Distillery.
 19874 | Snake:1  | Found Jeivil's Antique Armour Emporium.
 19874 | Snake:1  | Found Daciojel's Distillery.
 19898 | Snake:1  | Found Moagenga's General Store.
 19929 | Snake:1  | Identified the ring "Liuv" {rElec rC+ Str-5 Dex+2}
 20245 | Snake:1  | Noticed Donald
 20260 | Snake:1  | Killed Donald
 20261 | Snake:1  | Reached skill level 18 in Fighting
 20280 | Snake:1  | Reached XP level 16. HP: 75/168 MP: 1/16
 20463 | Snake:1  | HP: 4/167 [black mamba (11)]
 21120 | Snake:1  | HP: 5/168 [black mamba[a naga ritualist] (10)]
 21147 | Snake:1  | HP: 8/169 [poisoned by a black mamba]
 21152 | Snake:1  | HP: 8/169 [poisoned by a black mamba]
 21814 | Orc:1    | Entered Level 1 of the Orcish Mines
 22079 | D:11     | Reached skill level 19 in Fighting
 22444 | Orc:2    | Entered Level 2 of the Orcish Mines
 22492 | Orc:1    | HP: 4/174 [orc warlord/+0 dire flail of draining (22)]
 22824 | Orc:2    | Found Gipoh's Antique Weapon Shop.
 22880 | Orc:2    | Found a staircase to the Elven Halls.
 22956 | Orc:2    | Noticed Josephine
 23032 | Orc:1    | Killed Josephine
 23125 | Orc:2    | Found Gucov's Book Shop.
 23171 | Orc:2    | Found Viqutwoi's Antique Armour Shoppe.
 23242 | Orc:2    | Found Quajin's General Store.
 23303 | Orc:2    | Bought a tin of tremorstones (2/2) for 440 gold pieces
 23389 | Orc:1    | Reached skill level 5 in Stealth
 23619 | Snake:2  | Noticed Aizul
 23657 | Snake:1  | HP: 8/170 [Aizul (7)]
 23672 | Snake:1  | Killed Aizul
 23941 | Snake:2  | Reached XP level 17. HP: 149/178 MP: 17/17
 24277 | Snake:2  | Noticed Vashnia
 24289 | Snake:2  | Reached skill level 10 in Evocations
 24310 | Snake:2  | Reached skill level 20 in Fighting
 24315 | Snake:2  | Killed Vashnia
 25225 | Snake:3  | Found Okaxtoil's Armour Shop.
 25799 | Snake:3  | Found Wollosm's Antique Weapon Emporium.
 25838 | Snake:3  | Found Dodwess's Antique Weapon Emporium.
 25901 | Snake:3  | Found Soeqifr Cagu's General Store.
 26497 | D:12     | Bought a phantom mirror for 1000 gold pieces
 26608 | Snake:4  | Entered Level 4 of the Snake Pit
 27099 | Snake:4  | Noticed a quicksilver dragon
 27102 | Snake:4  | Noticed a quicksilver dragon
 27118 | Snake:4  | Killed a quicksilver dragon
 27119 | Snake:4  | Reached skill level 21 in Fighting
 27122 | Snake:4  | Killed a quicksilver dragon
 27132 | Snake:4  | Reached XP level 18. HP: 71/191 MP: 18/18
 27161 | Snake:4  | Got a serpentine rune of Zot
 28065 | Shoals:1 | Entered Level 1 of the Shoals
 28226 | Shoals:1 | Identified the ring of the Pure Stories {Wiz rPois rN+
                  | Str+2}
 28918 | Shoals:2 | Reached skill level 22 in Fighting
 29107 | Shoals:2 | Noticed Ilsuiw
 29161 | Shoals:2 | Killed Ilsuiw
 29363 | Shoals:2 | Noticed Polyphemus
 29384 | Shoals:2 | Killed Polyphemus
 29385 | Shoals:2 | Found Xerris's Jewellery Boutique.
 30018 | Shoals:3 | Found Tilox's Armour Shop.
 30028 | Shoals:3 | Reached skill level 10 in Dodging
 31007 | Shoals:4 | Entered Level 4 of the Shoals
 31007 | Shoals:4 | Found Zacemm's Self-Improvement Boutique.
 31037 | Shoals:4 | Reached skill level 23 in Fighting
 31332 | Shoals:4 | Identified the +0 leather armour of Qarunak {*Slow rF+
                  | Will+++ Stlth+}
 31345 | Shoals:4 | Identified the +0 falchion "Ikhlyst" {vamp, rC+ Str-4
                  | Stlth+}
 31349 | Shoals:4 | Reached XP level 19. HP: 204/204 MP: 19/19
 31391 | Shoals:4 | Identified the +3 scale mail of Carruk {rF++ Regen+ rCorr
                  | Stlth+}
 31504 | Shoals:4 | Noticed Mara
 31512 | Shoals:4 | Noticed NateTC's illusion
 31521 | Shoals:4 | Killed Mara
 31926 | Shoals:4 | Found Layv's General Store.
 31961 | Shoals:4 | Reached skill level 24 in Fighting
 32312 | Shoals:4 | HP: 10/207 [merfolk impaler/+3 trident of freezing (13)]
 32312 | Shoals:4 | HP: 4/207 [merfolk javelineer/silver javelin (1)]
 32631 | Shoals:4 | Got a barnacled rune of Zot
 32882 | Vaults:1 | Entered Level 1 of the Vaults
 33619 | Vaults:1 | Found Lexubou's Weapon Emporium.
 34136 | Vaults:2 | Found an ancient bone altar of Kikubaaqudgha.
 34151 | Vaults:2 | Found a basalt altar of Yredelemnul.
 34160 | Vaults:2 | Found a transporter.
 34160 | Vaults:2 | Identified the ring of Varov {rF+ Will+ Dex+6 Stlth+}
 34162 | Vaults:2 | Identified the Collected Works on Igneous Displacement
 34162 | Vaults:2 | Identified the +9 ice dragon scales of the Present {rF-
                  | rC++ Int+3}
 34162 | Vaults:2 | Identified the amulet "Qenkuoxonk" {RegenMP rPois Dex+2}
 34200 | Vaults:2 | Found a transporter.
 34287 | Vaults:2 | Noticed Asterion
 34314 | Vaults:2 | Killed Asterion
 34486 | Vaults:2 | Found Vakuur's Assorted Antiques.
 34555 | Vaults:2 | Found Naithred's Magic Scroll Emporium.
 34565 | Vaults:2 | Paralysed by a sphinx for 4 turns
 34569 | Vaults:2 | Slain by an ironbound convoker

Illustrated notes

Levels and vault maps discovered:
D:1:      roderic_crossed_star, layout_basic, minmay_3d_cube
D:2:      layout_basic
D:3:      layout_loops_ring, glass_columns_c, uniq_natasha
D:4:      layout_loops_ring, mainiacjoe_overflow_swirl,
          kennysheep_pointless_box, uniq_pikel
D:5:      layout_gridville, minmay_misc_feat_secret_circle,
          kennysheep_generic_room_13, uniq_ijyb, uniq_prince_ribbit1
D:6:      layout_loops_ring, minmay_temple_entry_overgrown,
          minmay_quadrilaterals
D:7:      layout_rooms, fountainhead
D:8:      layout_basic, enter_bailey_2
D:9:      layout_roguey, serial_shops, nicolae_shop_stone,
          nicolae_elemental_shop, hangedman_decor_push
D:10:     layout_small_grid, roderic_lattice_a, minmay_st_funbox,
          minmay_rotating_lava
D:11:     layout_roguey, lair_entry_dummy, orc_0_dummy, st_stairs_12
D:12:     layout_grid_maze, serial_shops, nicolae_shop_advertising_works
          [nicolae_subvault_shop_adworks], kennysheep_mini_moat, shop,
          nicolae_shop_competitors_out_of_business,
          nicolae_shop_window_shopping, gauntlet_entry_generic, minmay_nine_imps
D:13:     layout_irregular_city, david_vaults_2
D:14:     layout_loops_ring, solitary_fountain, uniq_snorg
D:15:     grunt_enter_depths_magical_seal, layout_basic, old_standard_altar
Temple:   mainiacjoe_temple_big_plus
Lair:1:   layout_long_grid, basic_altar, serial_bayou_lake_a
Lair:2:   regret_index_bee_streams, layout_regular_city,
          elwin_shoals_entry_rooms, ebering_ghost_disaster_area, uniq_gastronok
Lair:3:   wander_river, layout_gridlike, guppyfry_snake_entry_garden,
          lemuel_fruit_tree
Lair:4:   layout_regular_city, serial_bayou_ford_a, serial_bayou_pond_c
Lair:5:   layout_roguey, slime_altar_1, infiniplex_staircase_pool_2
Lair:6:   minmay_lair_end_frog_pond, layout_regular_city, serial_bayou_pond_a
Shoals:1: layout_shoals, nicolae_shoals_hidden_pirate_stash
Shoals:2: layout_shoals, serial_shops, nicolae_diamond_shop, uniq_ilsuiw,
          uniq_polyphemus
Shoals:3: layout_shoals, serial_shops, shop, nicolae_shoals_goliath_grotto
Shoals:4: shoals_end_grunt_ice, layout_shoals, serial_shops, shop_statue,
          nicolae_shop_self_help, uniq_mara
Snake:1:  layout_chambers, nicolae_snake_round_shape_thing, st_stairs_12,
          drop_trap, grunt_megastairs_4, minmay_shoptagon, uniq_donald
Snake:2:  layout_chambers, serial_bayou_shore_a, grunt_megastairs_2,
          serial_bayou_shore_b, uniq_aizul, uniq_vashnia
Snake:3:  layout_chambers, serial_shops, shop, nicolae_square_shop, shop,
          nicolae_diamond_shop, grunt_megastairs_1
Snake:4:  hellmonk_snake_rune_quicksilver_temple, layout_cave_town,
          grunt_megastairs_5, serial_bayou_shore_b
Orc:1:    layout_caves
Orc:2:    grunt_orc_gardens, layout_caves, grunt_orc_garden, grunt_orc_garden,
          grunt_orc_garden, grunt_orc_garden, nicolae_orc_lava_room,
          uniq_josephine
Vaults:1: ontoclasm_vaults_echo, ontoclasm_vaults_shuriken, v_misc_19,
          hangedman_vaults_trim, layout_vaults_ring, serial_shops,
          nicolae_shop_bloodbath_and_beyond
Vaults:2: minmay_crypt_entry_necro_gods, gammafunk_dig_for_victory,
          vaults_mumra_hex, v_misc_13, v_misc_17, nicolae_vaults_network_square,
          v_misc_8, v_misc_13, v_misc_29, hangedman_vaults_cutoff,
          layout_vaults_maze, serial_shops, nicolae_shop_trees, shop,
          uniq_asterion

Skill      XL: |  1  2  3  4  5  6  7  8  9 10 11 12 13 14 15 16 17 18 19 |
---------------+----------------------------------------------------------+-----
Fighting       | 4 5 9 10 12 13 16 17 18 19 21 23 24 | 24.5
Axes           | 4 5 9 10 13 14 | 14.7
Armour         | 5 7 10 14 16 17 | 17.3
Shields        | 5 7 12 13 | 13.5
Evocations     | 2 6 7 9 12 14 | 14.0
Dodging        | 2 5 7 8 9 10 | 10.1
Maces & Flails | 4 6 8 |  8.7
Stealth        | 3 5 7 |  7.4

Action                   |  1- 3 |  4- 6 |  7- 9 | 10-12 | 13-15 | 16-18 | 19-21 || total
-------------------------+-------+-------+-------+-------+-------+-------+-------++-------
Melee: War axe           |    82 |   100 |   221 |   661 |   535 |       |       ||  1599
       Morningstar       |       |       |       |    26 |    13 |       |       ||    39
       Mace              |       |       |       |       |   942 |   726 |       ||  1668
       Broad axe         |       |       |       |       |       |   993 |   546 ||  1539
Invok: Curse Item        |       |       |     2 |     5 |     3 |     3 |       ||    13
       Shatter the Chain |       |       |       |       |       |     4 |       ||     4
Evoke: Wand              |       |       |       |    16 |     5 |    19 |       ||    40
       Box of beasts     |       |       |       |     2 |     2 |     2 |     1 ||     7
       Condenser vane    |       |       |       |     1 |     2 |     1 |       ||     4
       Lightning rod     |       |       |       |       |     2 |     6 |       ||     8
       Tin of tremorston |       |       |       |       |       |     3 |       ||     3
  Use: Scroll            |     4 |     6 |     4 |     6 |     2 |    14 |     5 ||    41
       Potion            |       |       |     2 |     4 |     2 |    12 |     4 ||    24
 Stab: Petrified         |       |       |       |       |     5 |     1 |       ||     6
       Petrifying        |       |       |       |       |       |     1 |       ||     1
       Distracted        |       |       |       |       |       |       |     1 ||     1
Armor: Scale mail        |    29 |    58 |    34 |       |       |       |       ||   121
       Chain mail        |       |       |   103 |       |       |       |       ||   103
       Plate armour      |       |       |     7 |   635 |  1136 |  1191 |   457 ||  3426
Dodge: Dodged            |    43 |    48 |    90 |   284 |   778 |   795 |   251 ||  2289
Block: Buckler           |    15 |    27 |    48 |   247 |   677 |     5 |       ||  1019
       Kite shield       |       |       |       |       |       |  1299 |   418 ||  1717
       Reflection        |       |       |       |       |       |    73 |    29 ||   102

Table legend: (Time is in decaauts)
 A = Elapsed time spent in this place.
 B = Non-inter-level travel time spent in this place.
 C = Inter-level travel time spent in this place.
 D = Time resting spent in this place.
 E = Time spent auto-exploring this place.
 F = Levels seen in this place.
 G = Mean time per level.
                   A        B        C        D        E       F      G
               +--------+--------+--------+--------+--------+-----+--------+
         Total |  33877 |  31795 |   2082 |   4467 |  10314 |  36 |  941.0 |
       Dungeon |  12969 |  12085 |    884 |   1285 |   4944 |  15 |  864.6 |
        Temple |    448 |    391 |     57 |      0 |    386 |   1 |  448.0 |
          Lair |   5635 |   5080 |    555 |    434 |   1503 |   6 |  939.2 |
        Shoals |   4547 |   4372 |    175 |    965 |   1402 |   4 | 1136.8 |
     Snake Pit |   6273 |   5938 |    335 |   1212 |   1484 |   4 | 1568.2 |
  Orcish Mines |   1243 |   1174 |     69 |     61 |    144 |   2 |  621.5 |
        Vaults |   1625 |   1620 |      5 |    275 |    288 |   2 |  812.5 |
        Bailey |    984 |    984 |      0 |    234 |    162 |   1 |  984.0 |
      Gauntlet |    149 |    149 |      0 |      0 |      0 |   1 |  149.0 |
               +--------+--------+--------+--------+--------+-----+--------+

Top non-repeatable levels by time:
 Snake:1: 2322 daAuts
Shoals:4: 1489 daAuts
    D:11: 1466 daAuts
  Lair:2: 1423 daAuts
 Snake:2: 1327 daAuts
 Snake:4: 1322 daAuts
 Snake:3: 1300 daAuts
Shoals:2: 1211 daAuts
Vaults:1: 1165 daAuts
     D:1: 1070 daAuts
Shoals:3: 1013 daAuts
  Lair:3: 1008 daAuts
  Bailey: 984 daAuts
     D:2: 966 daAuts
    D:13: 956 daAuts
